 Dungeon Crawl Stone Soup version 0.32-a0-377-g951292165a (webtiles) character file.

Game seed: 12125217249388443732

262 Odexios the Changeling (level 6, 0/42 HPs)
             Began as an Octopode Shapeshifter on Feb 19, 2024.
             Slain by an orc
             ... wielding a +0 dagger
              (2 damage)
             ... on level 4 of the Dungeon.
             The game lasted 00:16:12 (2717 turns).

Odexios the Changeling (Octopode Shapeshifter)      Turns: 2717, Time: 00:16:13

Health: 0/42       AC:  1    Str: 13    XL:     6   Next: 18%
Magic:  3/6        EV: 13    Int: 19    God:
Gold:   211        SH:  5    Dex: 13    Spells: 3/5 levels left

rFire   . .          .
                       - Unarmed
rCold   . . .        (no shield)
rNeg    . . .        (helmet currently unavailable)
rPois   .            f - amulet of reflection
rElec   .            s - +6 ring of intelligence
rCorr   .            (no ring)
SInv    .            (no ring)
Will    .....        (no ring)
Stlth   +++          (no ring)
HPRegen 0.27/turn    (no ring)
MPRegen 0.10/turn    (no ring)
                     (no ring)

%: reflection
@: beast-form
A: beast (slay +2), almost no armour, amphibious, 8 rings, camouflage 1,
gelatinous body 1, (nimble swimmer 1), tentacles
a: Begin Untransformation


You were on level 4 of the Dungeon.
You were a hulking beast.
You visited 1 branch of the dungeon, and saw 4 of its levels.

You collected 211 gold pieces.

Inventory:

Missiles
 m - 6 poisoned darts (quivered)
Jewellery
 f - an amulet of reflection (around mantle)
 s - a +6 ring of intelligence (left tentacle)
Talismans
 b - a beast talisman (active)
 c - a flux talisman
Wands
 i - a wand of roots (6)
Scrolls
 d - a scroll of torment {unknown}
 g - a scroll of noise {unknown}
 h - a scroll of enchant armour {unknown}
 k - a scroll of amnesia {unknown}
 l - 2 scrolls of identify {unknown}
 o - 2 scrolls of fog {unknown}
 p - 3 scrolls of vulnerability {unknown}
 q - a scroll of blinking {unknown}
 t - a scroll of fear {unknown}
 u - a scroll of silence {unknown}
Potions
 a - a potion of lignification
 e - a potion of mutation {unknown}
 j - a potion of resistance {unknown}
 n - a potion of brilliance {unknown}
 r - a potion of magic {unknown}


   Skills:
 - Level 3.0 Fighting
 - Level 3.0 Dodging
 - Level 3.0 Stealth
 - Level 3.0 Unarmed Combat
 + Level 2.1 Alchemy
 + Level 4.3 Shapeshifting


You had 3 spell levels left.
You knew the following spells:

 Your Spells              Type           Power      Damage    Failure   Level
a - Mercury Vapours       Alch/Air       8%         N/A       21%         2

Your spell library contained the following spells:

 Spells                   Type           Power      Damage    Failure   Level
 Sting                    Conj/Alch      16%        1d4       14%         1
 Apportation              Tloc           0%         N/A       21%         1
 Necrotise                Necr           0%         1d4       21%         1
 Slow                     Hex            0%         N/A       21%         1
 Summon Small Mammal      Summ           0%         N/A       21%         1
 Scorch                   Fire           0%         2d5       30%         2
 Mephitic Cloud           Conj/Alch/Air  2%         N/A       43%         3
 Confusing Touch          Hex            0%         N/A       52%         3
 Sigil of Binding         Hex            0%         N/A       52%         3
 Vampiric Draining        Necr           0%         2d6       52%         3
 Flame Wave               Conj/Fire      0%         2d4       90%         4
 Freezing Cloud           Conj/Ice/Air   0%         6-21      99%         5
 Summon Cactus Giant      Summ           0%         N/A       100%        6


Dungeon Overview and Level Annotations

Branches:
Dungeon (4/15)
 Temple: D:4-7

Altars:

Annotations:
D:3 Pargi, Terence


Innate Abilities, Weirdness & Mutations

You are a hulking beast.
Your limbs bulge with bestial killing power. (Slay +2)
You cannot wear most types of armour.
You are amphibious.
You can wear up to eight rings at the same time.
Your skin changes colour to match your surroundings (Stealth+).
Your rubbery body absorbs attacks. (AC +1, EV +1)
((You are camouflaged when in or above water. (Stealth+)))
You have tentacles for arms and can constrict up to eight enemies at once.


Message History

* * * LOW HITPOINT WARNING * * *
Unknown command.
The orc priest shouts, "Beogh offers mercy even to people such as you.
Join us and be reborn!"
You tentacle-slap something. The orc closely misses you.
Unknown command.
You bludgeon something! You block something's attack.
Unknown command.
Unknown command.
Unknown command.
You tentacle-slap the orc priest. You grab the orc priest.
You tentacle-slap the orc priest, but do no damage.
You squeeze the orc priest.
The orc priest is moderately wounded.
You constrict the orc priest, but do no damage.
The orc is no longer weakened.
The orc misses you. Something barely misses you.
The orc priest hits you with a +0 club.
* * * LOW HITPOINT WARNING * * *
Unknown command.
You tentacle-slap the orc priest. You squeeze the orc priest.
The orc priest is severely wounded.
You constrict the orc priest. You block the orc's attack. Something hits you.
* * * LOW HITPOINT WARNING * * *
The orc priest barely misses you.
Your magical contamination has completely faded away.
Unknown command.
You barely miss something. You constrict the orc priest.
You kill the orc priest!
Something hits you but does no damage.
Your Alchemy skill increases to level 2!
Unknown command.
Unknown command.
You barely miss something. You tentacle-slap something.
The orc hits you with a +4 heavy flail.
* * * LOW HITPOINT WARNING * * *
You hear some strange, mumbled words.
A puff of flame appears from out of thin air!
The puff of flame hits you!
* * * LOW HITPOINT WARNING * * *
The orc hits you with a +0 dagger.
You die...

.....# #.... #.#
###.#####..### #.###
####.......# #...###
.........############...#
##.............)........#
...####.#############...#
## #....###### #...# .#
####......######### ..
######.ho......
##{o...... #........
......... .........
+......... ##........
#........


You could see 2 orcs.

Vanquished Creatures
  A hound (D:4)
  An orc priest (D:4)
  Ijyb (D:2)
  A gnoll (D:4)
  4 adders
  2 dart slugs
  2 orcs (D:4)
  5 ball pythons
  9 endoplasms
  5 giant cockroaches
  10 goblins
  5 hobgoblins
  6 jackals (D:1)
  6 kobolds
  4 quokkas
  A bat (D:2)
  3 frilled lizards
  5 rats
71 creatures vanquished.

Notes
Turn   | Place    | Note
-------+----------+-------------------------------------------
     0 | D:1      | Odexios the Octopode Shapeshifter began the quest for the
                  | Orb.
     0 | D:1      | Reached XP level 1. HP: 13/13 MP: 1/1
    42 | D:1      | Reached XP level 2. HP: 18/18 MP: 2/2
   158 | D:1      | Reached XP level 3. HP: 16/24 MP: 3/3
   224 | D:1      | Found a faded altar of an unknown god.
   496 | D:1      | Reached XP level 4. HP: 31/31 MP: 4/4
   553 | D:1      | Reached skill level 1 in Stealth
   970 | D:2      | Noticed Ijyb
  1007 | D:2      | HP: 1/31 [goblin/+0 club (4)]
  1145 | D:2      | Reached XP level 5. HP: 36/36 MP: 5/5
  1297 | D:2      | Killed Ijyb
  1703 | D:3      | Noticed Pargi
  2221 | D:3      | Noticed Terence
  2386 | D:4      | Learned a level 2 spell: Mercury Vapours
  2537 | D:4      | Reached skill level 1 in Alchemy
  2540 | D:4      | Reached skill level 4 in Shapeshifting
  2699 | D:4      | Reached XP level 6. HP: 42/42 MP: 6/6
  2717 | D:4      | HP: 2/42 [something/puff of flame (11)]
  2717 | D:4      | Slain by an orc

Illustrated notes

Levels and vault maps discovered:
D:1:      dpeg_arrival_prison, layout_rooms, ebering_ecumenical_altar_box,
          serial_forest, infiniplex_forest_split, infiniplex_forest_lined_2,
          infiniplex_forest_clump_small, infiniplex_forest_clump_large,
          infiniplex_forest_diagonal, infiniplex_forest_end_double,
          infiniplex_forest_corner_1
D:2:      kennysheep_the_goblin_king, layout_basic,
          nicolae_houndstooth_variations
D:3:      layout_loops_ring, uniq_terence, uniq_pargi
D:4:      layout_rooms, kennysheep_generic_room_5

Skill      XL: |  1  2  3  4  5  6 |
---------------+-------------------+-----
Fighting       | 2 3 |  3.0
Dodging        | 3 |  3.0
Stealth        | 3 |  3.0
Alchemy        | 1 2 |  2.1
Shapeshifting  | 4 |  4.3
Unarmed Combat | |  3.0

Action                     |  1- 3 |  4- 6 || total
---------------------------+-------+-------++-------
  Melee: Unarmed           |    54 |   125 ||   179
         Constrict         |    16 |    21 ||    37
         Tentacles         |    10 |    35 ||    45
         Punch             |     3 |     4 ||     7
   Cast: Mercury Vapours   |       |     2 ||     2
    Use: Potion            |       |     2 ||     2
   Stab: Sleeping          |       |    14 ||    14
 Armour: Skin              |    14 |    38 ||    52
  Dodge: Dodged            |    22 |    38 ||    60
  Block: Other             |     8 |    15 ||    23

Table legend: (Time is in decaauts)
 A = Elapsed time spent in this place.
 B = Non-inter-level travel time spent in this place.
 C = Inter-level travel time spent in this place.
 D = Time resting spent in this place.
 E = Time spent auto-exploring this place.
 F = Levels seen in this place.
 G = Mean time per level.
                   A        B        C        D        E       F      G
               +--------+--------+--------+--------+--------+-----+--------+
         Total |   2706 |   2520 |    186 |    371 |   1516 |   4 |  676.5 |
       Dungeon |   2706 |   2520 |    186 |    371 |   1516 |   4 |  676.5 |
               +--------+--------+--------+--------+--------+-----+--------+

Top non-repeatable levels by time:
     D:2: 931 daAuts
     D:1: 796 daAuts
     D:3: 714 daAuts
     D:4: 263 daAuts
